 Dungeon Crawl Stone Soup version 0.22-a0-117-g314b90714a (webtiles) character file.

150 Fuhrer the Chopper (level 5, -1/41 HPs)
             Began as a Vampire Berserker on Jan 30, 2018.
             Was a Priest of Trog.
             Killed by divine providence
             ... invoked by an orc priest
              (12 damage)
             ... on level 5 of the Dungeon.
             The game lasted 00:09:07 (2498 turns).

Fuhrer the Chopper (Vampire Berserker)              Turns: 2498, Time: 00:09:07

Health: -1/41      AC:  6    Str: 16    XL:     5   Next: 10%
Magic:  5/5        EV: 13    Int: 10    God:    Trog [***...]
Gold:   247        SH:  0    Dex: 14    Spells: 4/4 levels left

rFire    . . .     SeeInvis +   a - +0 hand axe
rCold    . . .     Gourm    .   (no shield)
rNeg     + . .     Faith    .   b - +0 animal skin
rPois    .         Spirit   .   o - +2 hat
rElec    .         Reflect  .   x - +0 cloak
rCorr    .         Harm     .   (no gloves)
MR       .....                  j - +0 pair of boots
Stlth    +.........             (no amulet)
HPRegen  0.13/turn              (no ring)
MPRegen  0.09/turn              (no ring)

@: berserk cooldown, slowed, very slow
A: fangs 3, see invisible, unbreathing
a: Bat Form, Berserk, Trog's Hand, Burn Spellbooks, Renounce Religion


You were on level 5 of the Dungeon.
You worshipped Trog.
Trog was most pleased with you.
You were not thirsty.

You visited 1 branch of the dungeon, and saw 5 of its levels.

You collected 247 gold pieces.

Inventory:

Hand Weapons
 a - a +0 hand axe (weapon)
Armour
 b - a +0 animal skin (worn)
 j - a +0 pair of boots (worn)
 o - a +2 hat (worn)
 x - a +0 cloak (worn)
Jewellery
 s - a +3 ring of protection {unknown}
 t - an uncursed ring of magical power {unknown}
 y - an uncursed amulet of faith {unknown}
Wands
 v - a wand of random effects (13)
 z - a wand of acid (6)
Scrolls
 c - 2 scrolls of fog {unknown}
 d - a scroll of enchant weapon {unknown}
 e - a scroll of enchant armour {unknown}
 h - a scroll of fear {unknown}
 i - a scroll of immolation {unknown}
 k - 2 scrolls of amnesia {unknown}
 l - 5 scrolls of identify {unknown}
 p - a scroll of remove curse {unknown}
 r - a scroll of teleportation {unknown}
Potions
 f - 2 potions of brilliance {unknown}
 g - 3 potions of curing {unknown}
 m - a potion of heal wounds {unknown}
 n - a potion of agility {unknown}
 q - 24 potions of blood
 u - a potion of invisibility {unknown}
 w - a potion of resistance {unknown}
 A - a potion of flight {unknown}


   Skills:
 + Level 3.4 Fighting
 + Level 3.6 Axes
 + Level 2.5 Armour
 + Level 3.3 Dodging


You had 4 spell levels left.
You didn't know any spells.

Dungeon Overview and Level Annotations

Branches:
Dungeon (5/15)
 Temple: D:4-7

Altars:
Sif Muna


Innate Abilities, Weirdness & Mutations

You have razor-sharp teeth.
You have supernaturally acute eyesight. (SInv)
You can survive without breathing.


Message History

The orc priest calls down the wrath of Beogh upon you.
Pain shoots through your body! The orc priest hits you with a club.
You hit the orc priest.
The orc priest is severely wounded.
The orc priest barely misses you.
You hit the orc priest but do no damage.
The orc priest is severely wounded.
The orc priest mumbles some strange prayers to Beogh against you.
Beogh smites you!
* * * LOW HITPOINT WARNING * * *
The orc priest looks satisfied for a moment.
You closely miss the orc priest.
The orc priest is severely wounded.
The orc priest hits you with a club.
* * * LOW HITPOINT WARNING * * *
You closely miss the orc priest.
The orc priest is severely wounded.
The orc priest mumbles some strange prayers to Beogh against you.
Beogh smites you!
You die...

#.........####...#####
+.......%.+...........
#.........###....###.#
##.......## #.#..#
##.....## #<##.#
##>..## #.#..# ##'##
#.# ## #)# #.# #@# #..
#o# ### ... .....
##...## ##.## #.. ###


You could see an orc priest.

Vanquished Creatures
  3 adders
  2 oozes (D:3)
  5 worms
  A dart slug (D:4)
  5 leopard geckos
  3 orcs
  6 giant cockroaches
  9 goblins
  7 hobgoblins
  10 jackals
  7 kobolds
  2 quokkas
  2 ball pythons
  10 bats
  3 frilled lizards
  A quokka skeleton (D:3)
  10 rats
86 creatures vanquished.

Notes
Turn   | Place    | Note
-------+----------+-------------------------------------------
     0 | D:1      | Fuhrer the Vampire Berserker began the quest for the Orb.
     0 | D:1      | Reached XP level 1. HP: 17/17 MP: 1/1
   140 | D:1      | Reached XP level 2. HP: 16/23 MP: 2/2
   274 | D:1      | Reached ** piety under Trog
   332 | D:1      | Reached XP level 3. HP: 29/29 MP: 3/3
   977 | D:3      | Reached XP level 4. HP: 32/35 MP: 4/4
  1001 | D:3      | Reached *** piety under Trog
  1729 | D:3      | Found a deep blue altar of Sif Muna.
  1945 | D:4      | You fall through a shaft!
  1945 | D:5      | Entered Level 5 of the Dungeon
  2457 | D:5      | Reached XP level 5. HP: 28/41 MP: 5/5
  2498 | D:5      | Killed from afar by an orc priest

Vault maps used:
D:1:      tarquinn_simple_flora_water_a
D:3:      lemuel_blue_sif_altar
D:5:      first_ration

Skill      XL: |  1  2  3  4 |
---------------+-------------+-----
Axes           | 3 |  3.6
Fighting       | 3 |  3.4
Armour         | 2 |  2.5
Dodging        | 3 |  3.3

Action                   |  1- 3 |  4- 6 || total
-------------------------+-------+-------++-------
Melee: Hand axe          |   153 |   132 ||   285
       Bite              |    16 |    15 ||    31
Invok: Berserk           |     3 |     1 ||     4
       Trog's Hand       |       |     1 ||     1
  Use: Potion            |     8 |     5 ||    13
 Stab: Sleeping          |       |     3 ||     3
Armor: Animal skin       |    55 |    24 ||    79
Dodge: Dodged            |   163 |    87 ||   250

Table legend:
 A = Spawn XP
 B = Non-spawn XP
 C = Spawn XP percentage of total XP
 D = Spawn monster count
 E = Non-spawn monster count
 F = Spawn count percentage of total count
 G = Total turns spent on level
                    A         B        C        D         E        F      G
               +---------+---------+-------+---------+---------+-------+---------
         Total |       0 |     215 |   0.0 |       0 |      86 |   0.0 |  2498
               +---------+---------+-------+---------+---------+-------+---------
           D:1 |       0 |      50 |   0.0 |       0 |      29 |   0.0 |   515
           D:2 |       0 |      43 |   0.0 |       0 |      23 |   0.0 |   414
           D:3 |       0 |      84 |   0.0 |       0 |      25 |   0.0 |   929
           D:4 |       0 |      18 |   0.0 |       0 |       6 |   0.0 |   514
           D:5 |       0 |      20 |   0.0 |       0 |       3 |   0.0 |   126
               +---------+---------+-------+---------+---------+-------+---------
